[Event "Early-Titled-Tuesday-Blitz-September-12-2023"]
[Site "Chess.com"]
[Date "2023.09.12"]
[Round "3"]
[White "BillieKimbah"]
[Black "arenal72"]
[Result "1-0"]
[WhiteElo "3017"]
[BlackElo "2524"]
[TimeControl "180+1"]
[EndTime "8:24:17 PDT"]
[Termination "BillieKimbah won by resignation"]

1. d4 d6 2. Nf3 g6 3. e4 Nf6 4. Bd3 Bg7 5. O-O O-O 6. h3 Nc6 7. c3 e5 8. Re1 a6 9. Nbd2 b5 10. Nf1 Bb7 11. Ng3 Qe7 12. Bg5 h6 13. Be3 Rac8 14.
a4 b4 15. d5 Nb8 16. cxb4 c6 17. dxc6 Nxc6 18. Qd2 Kh7 19. b5 1-0

[Event "Early-Titled-Tuesday-Blitz-September-12-2023"]
[Site "Chess.com"]
[Date "2023.09.12"]
[Round "3"]
[White "Guzman70"]
[Black "aghasiyevkamal"]
[Result "0-1"]
[WhiteElo "2321"]
[BlackElo "2551"]
[TimeControl "180+1"]
[EndTime "8:24:18 PDT"]
[Termination "aghasiyevkamal won by resignation"]

1. Nf3 d5 2. d4 Nf6 3. Bf4 e6 4. e3 Bd6 5. Bg3 c5 6. Nbd2 Qc7 7. c4 Bxg3 8. hxg3 O-O 9. Rc1 cxd4 10. cxd5 Qa5 11.
Nxd4 Qxd5 12. Bd3 Nbd7 13. Qf3 Ne5 14. Bxh7+ Nxh7 15. Qh5 Nd3+ 16. Kf1 Qxh5 17. Rxh5 Nxc1 18. Nxe6 Bxe6 19. Rxh7 Kxh7 0-1

[Event "Early-Titled-Tuesday-Blitz-September-12-2023"]
[Site "Chess.com"]
[Date "2023.09.12"]
[Round "3"]
[White "CrushingKings"]
[Black "AsselLesbekova"]
[Result "0-1"]
[WhiteElo "2536"]
[BlackElo "2340"]
[TimeControl "180+1"]
[EndTime "8:24:38 PDT"]
[Termination "AsselLesbekova won by resignation"]

1. Nf3 d5 2. g3 e6 3. Bg2 Nf6 4. O-O c5 5. c4 Nc6 6. d4 dxc4 7.
Qa4 cxd4 8. Nxd4 Bd7 9. Nxc6 bxc6 10. Bxc6 Rc8 11. Bxd7+ Qxd7 12. Qxd7+ Nxd7 13. Be3 Bc5 14. Bxc5 Nxc5 15. Rc1 Ne4 16. Na3 c3 17. bxc3 Nxc3 18. Rc2 Kd7 19. e4 Nxe4 20. Rd1+ Ke7 21. Rb2 Rb8 22. Re2 Nc3 0-1

[Event "Early-Titled-Tuesday-Blitz-September-12-2023"]
[Site "Chess.com"]
[Date "2023.09.12"]
[Round "3"]
[White "elchacal664"]
[Black "Arimin1329"]
[Result "1-0"]
[WhiteElo "2442"]
[BlackElo "2213"]
[TimeControl "180+1"]
[EndTime "8:24:39 PDT"]
[Termination "elchacal664 won by resignation"]

1. e4 c6 2. Nf3 d5 3. Nc3 Bg4 4. h3 Bh5 5. g4 Bg6 6. d3 dxe4 7. Nxe4 Bxe4 8. dxe4 Qxd1+ 9. Kxd1 e6 10. c3 Bc5 11. Ke2 Nd7 12. Bg2 O-O-O 13. Be3 Ngf6 14. Nd4 Rhe8 15. b4 Bb6 16. a4 Ne5 17. a5 Bc7 18. a6 b6 19. f4 c5 20. Nb5 Nc4 21.
Nxa7+ Kd7 22. Rhd1+ Ke7 23. Nc6+ Kf8 24. Nxd8 Nxe3 25.
Nxe6+ Rxe6 26. Kxe3 cxb4 27. a7 1-0

[Event "Early-Titled-Tuesday-Blitz-September-12-2023"]
[Site "Chess.com"]
[Date "2023.09.12"]
[Round "3"]
[White "M_One1126"]
[Black "Durarbayli"]
[Result "0-1"]
[WhiteElo "2574"]
[BlackElo "2894"]
[TimeControl "180+1"]
[EndTime "8:24:45 PDT"]
[Termination "Durarbayli won by resignation"]

1. e4 c5 2. Nf3 d6 3. d4 cxd4 4. Nxd4 Nf6 5. Nc3 Nc6 6. Bc4 e6 7. Be3 a6 8. Qe2 Qc7 9. Bb3 Na5 10. O-O-O b5 11. g4 Nxb3+ 12. axb3 b4 13. g5 bxc3 14. gxf6 cxb2+ 15. Kxb2 gxf6 16. f4 Bb7 17. f5 e5 18.
Nf3 Bxe4 19. Rhf1 d5 20. Ra1 Bb4 21. Rxa6 Rxa6 0-1

[Event "Early-Titled-Tuesday-Blitz-September-12-2023"]
[Site "Chess.com"]
[Date "2023.09.12"]
[Round "3"]
[White "IwkooO"]
[Black "glebus008"]
[Result "1-0"]
[WhiteElo "2641"]
[BlackElo "2326"]
[TimeControl "180+1"]
[EndTime "8:24:49 PDT"]
[Termination "IwkooO won by resignation"]

1. e4 c5 2. Nf3 d6 3. d4 cxd4 4. Qxd4 Nf6 5. c4 Nc6 6. Qe3 g6 7. Nc3 Bg7 8. h3 O-O 9. Be2 Nd7 10. O-O Qb6 11. Qd2 Nf6 12. Rb1 h6 13. b3 Be6 14.
Bb2 a5 15. Nd5 Bxd5 16. exd5 Nb4 17. Bd4 Qc7 18. Rfe1 b5 19. a3 Na6 20. cxb5 Nc5 21. Bc4 Qb7 22. a4 Rac8 23. Rbc1 Nfe4 24. Qb2 Bxd4 25. Qxd4 Nf6 26. Re3 Kg7 27. Rce1 Rfe8 28. Nh2 Rc7 29. Ng4 Rec8 30. Rxe7 Rxe7 31. Qxf6+ Kg8 32.
Rxe7 1-0

[Event "Early-Titled-Tuesday-Blitz-September-12-2023"]
[Site "Chess.com"]
[Date "2023.09.12"]
[Round "3"]
[White "Aradhya2000"]
[Black "Cheer_Down"]
[Result "1-0"]
[WhiteElo "2698"]
[BlackElo "2400"]
[TimeControl "180+1"]
[EndTime "8:24:53 PDT"]
[Termination "Aradhya2000 won by resignation"]

1. d4 Nf6 2. c4 g6 3. g3 Bg7 4.
Bg2 c6 5. e4 d5 6. e5 Nfd7 7.
cxd5 cxd5 8. Bxd5 Nc6 9. Nc3 Nb6 10. Bxc6+ bxc6 11. Nf3 O-O 12. O-O Bg4 13. Qd3 Bxf3 14. Qxf3 Qxd4 15. Bf4 Bxe5 16. Rfd1 Qc5 17. Ne4 Qb5 18. a4 Qxb2 19. Rab1 Qa2 20. Bxe5 Qxa4 21. Nf6+ 1-0

[Event "Early-Titled-Tuesday-Blitz-September-12-2023"]
[Site "Chess.com"]
[Date "2023.09.12"]
[Round "3"]
[White "Journey_to_GrandMaster_YT"]
[Black "Schattman"]
[Result "0-1"]
[WhiteElo "2614"]
[BlackElo "2475"]
[TimeControl "180+1"]
[EndTime "8:24:59 PDT"]
[Termination "Schattman won by resignation"]

1. d4 Nf6 2. Nf3 g6 3. c4 Bg7 4. Nc3 d5 5. Qb3 dxc4 6. Qxc4 Be6 7. Qb5+ Bd7 8. Qxb7 Nc6 9. Bf4 Rb8 10. Qxc7 Qxc7 11. Bxc7 Rxb2 12. e3 Nb4 13. O-O-O Rc2+ 14. Kb1 Rxc3 15.
Ba5 Rc8 16. Ba6 Nxa6 0-1

[Event "Early-Titled-Tuesday-Blitz-September-12-2023"]
[Site "Chess.com"]
[Date "2023.09.12"]
[Round "3"]
[White "ItsCheckM8Mate"]
[Black "AnaKuchava"]
[Result "0-1"]
[WhiteElo "2399"]
[BlackElo "2221"]
[TimeControl "180+1"]
[EndTime "8:25:00 PDT"]
[Termination "AnaKuchava won by resignation"]

1. d4 d5 2. Nc3 Nf6 3. Bf4 Bf5 4. e3 e6 5. Nf3 h6 6. h3 Be7 7. Bd3 Bxd3 8. cxd3 O-O 9. g4 c5 10. g5 hxg5 11.
Bxg5 cxd4 12. exd4 Nh7 13. Be3 Nc6 14. Qd2 Kh8 15.
h4 Rc8 16. Ng5 Bf6 17. Nxd5 Qxd5 0-1

[Event "Early-Titled-Tuesday-Blitz-September-12-2023"]
[Site "Chess.com"]
[Date "2023.09.12"]
[Round "3"]
[White "DKmirl"]
[Black "CarlosjPineror"]
[Result "1-0"]
[WhiteElo "2274"]
[BlackElo "2439"]
[TimeControl "180+1"]
[EndTime "8:25:01 PDT"]
[Termination "DKmirl won on time"]

1. d4 Nf6 2. Nf3 g6 3. g3 Bg7 4. Bg2 O-O 5. O-O d6 6. Nc3 c6 7. a4 a5 8. b3 Na6 9. Bb2 Nb4 10. Nd2 Bg4 11. h3 Bf5 12. e4 Bd7 13. Nc4 1-0

[Event "Early-Titled-Tuesday-Blitz-September-12-2023"]
[Site "Chess.com"]
[Date "2023.09.12"]
[Round "3"]
[White "MatthewG-p4p"]
[Black "GP9isback23"]
[Result "1-0"]
[WhiteElo "2893"]
[BlackElo "2675"]
[TimeControl "180+1"]
[EndTime "8:25:05 PDT"]
[Termination "MatthewG-p4p won by resignation"]

1. e4 c5 2. c3 Nf6 3. e5 Nd5 4. Nf3 e6 5. Bc4 Nb6 6. Bb3 c4 7. Bc2 d5 8. exd6 Bxd6 9. b3 Nc6 10. Qe2 cxb3 11. axb3 Be7 12. Na3 O-O 13. Nc4 Nxc4 14. bxc4 e5 15. O-O Bf6 16. Re1 Re8 17. Be4 Bg4 18.
Bxh7+ Kh8 19. Be4 g6 20. h3 Bd7 21. d3 Kg7 22. Qe3 Kg8 23. Bd5 Bg7 24. Ng5 Re7 25. Ba3 1-0

[Event "Early-Titled-Tuesday-Blitz-September-12-2023"]
[Site "Chess.com"]
[Date "2023.09.12"]
[Round "3"]
[White "tetrix83"]
[Black "Gyulamiryan-koryun"]
[Result "1-0"]
[WhiteElo "2531"]
[BlackElo "2017"]
[TimeControl "180+1"]
[EndTime "8:25:09 PDT"]
[Termination "tetrix83 won by resignation"]

1. e4 c5 2. Nf3 d6 3. Bc4 e6 4. O-O a6 5. Bb3 b5 6. c3 Bb7 7. Re1 Be7 8. d4 c4 9. Bc2 Nd7 10. Nbd2 Nb6 11. Nf1 a5 12. Ng3 b4 13. Nh5 Kf8 14. g3 g6 15. Nf4 h5 16. h4 Nh6 17.
Ng5 Kg7 18. Nfxe6+ fxe6 19. Nxe6+ Kh7 20. Nxd8 Bxd8 21.
e5 d5 22. Qxh5 1-0

[Event "Early-Titled-Tuesday-Blitz-September-12-2023"]
[Site "Chess.com"]
[Date "2023.09.12"]
[Round "3"]
[White "PattyCastillo"]
[Black "FuenfgegenWilly"]
[Result "0-1"]
[WhiteElo "1996"]
[BlackElo "2350"]
[TimeControl "180+1"]
[EndTime "8:25:16 PDT"]
[Termination "FuenfgegenWilly won by resignation"]

1. d4 Na6 2. e4 c6 3. Nf3 d5 4. e5 Bg4 5. Be2 e6 6. h3 Bxf3 7. Bxf3 c5 8. c3 Ne7 9. O-O Nf5 10. Na3 Qb6 11. Qa4+ Qc6 12. Qb3 cxd4 13. Be2 Nc5 14. Qd1 d3 15. Bg4 g6 16. Bg5 h5 17.
Bf3 Ne4 18. Bf6 Nxf6 19. exf6 Bxa3 20. bxa3 e5 21. Re1 e4 22. c4 Qxc4 23. Rc1 Qd4 24.
Qb3 O-O 0-1

[Event "Early-Titled-Tuesday-Blitz-September-12-2023"]
[Site "Chess.com"]
[Date "2023.09.12"]
[Round "3"]
[White "Agibileg"]
[Black "DonJuanEGenaro"]
[Result "1-0"]
[WhiteElo "2632"]
[BlackElo "1968"]
[TimeControl "180+1"]
[EndTime "8:25:18 PDT"]
[Termination "Agibileg won by resignation"]

1. d4 d5 2. c4 e6 3. Nc3 c5 4. cxd5 cxd4 5. Qa4+ b5 6. Nxb5 Bd7 7. dxe6 fxe6 8. e3 a6 9. Nf3 Qb6 10. Nfxd4 e5 11.
Ne6 Bxe6 12. Nc7+ Kf7 13. Qe8+ Kf6 14. Qxf8+ Kg6 15. Bd3+ Kh6 16. e4+ Kh5 17. Qxg7 1-0

[Event "Early-Titled-Tuesday-Blitz-September-12-2023"]
[Site "Chess.com"]
[Date "2023.09.12"]
[Round "3"]
[White "hellokostya"]
[Black "Jaka_Brilej"]
[Result "0-1"]
[WhiteElo "2596"]
[BlackElo "2448"]
[TimeControl "180+1"]
[EndTime "8:25:25 PDT"]
[Termination "Jaka_Brilej won by resignation"]

1. Nf3 d5 2. e3 Nf6 3. c4 c6 4. Nc3 e6 5. b3 Be7 6. Bb2 O-O 7. Qc2 a5 8. d4 Nbd7 9. Bd3 b6 10. O-O Bb7 11.
Rad1 Bd6 12. e4 dxe4 13. Nxe4 Nxe4 14. Bxe4 Nf6 15. Bd3 Qc7 16. Rfe1 h6 17. c5 Be7 18.
cxb6 Qxb6 19. Ne5 Rfd8 20. Qe2 c5 21. Nc4 Qc6 22. f3 cxd4 23. Ne5 Qb6 24. Bc4 d3+ 25. Qf2 Bc5 0-1

[Event "Early-Titled-Tuesday-Blitz-September-12-2023"]
[Site "Chess.com"]
[Date "2023.09.12"]
[Round "3"]
[White "the_chess_child"]
[Black "Boxerandchessplayer"]
[Result "1-0"]
[WhiteElo "2899"]
[BlackElo "2109"]
[TimeControl "180+1"]
[EndTime "8:25:31 PDT"]
[Termination "the_chess_child won by resignation"]

1. e4 e6 2. d3 c5 3. Nf3 Nc6 4.
g3 Nge7 5. Bg2 d6 6. O-O g6 7. Re1 Bg7 8. c3 e5 9. a3 a5 10.
a4 O-O 11. Na3 Be6 12. Ng5 Bd7 13. Nb5 h6 14. Nf3 Be6 15. Nd2 f5 16. Nc4 Nc8 17. Ne3 Nb6 18. Nd5 Bxd5 19. exd5 Ne7 20. Qb3 Kh7 21.
Bd2 Ra6 22. f4 Nd7 23. Re2 Bf6 24. Rae1 g5 25. fxe5 Bxe5 26. d4 cxd4 27. cxd4 Bf6 28.
Re6 Ng6 29. Kh1 Rf7 30. Nxd6 Re7 31. Nxf5 Re8 32. Rxe8 1-0

[Event "Early-Titled-Tuesday-Blitz-September-12-2023"]
[Site "Chess.com"]
[Date "2023.09.12"]
[Round "3"]
[White "DanyKopy"]
[Black "Mikasinski"]
[Result "0-1"]
[WhiteElo "2480"]
[BlackElo "2675"]
[TimeControl "180+1"]
[EndTime "8:25:34 PDT"]
[Termination "Mikasinski won by resignation"]

1. e4 c5 2. Nf3 d6 3. d4 cxd4 4. Nxd4 Nf6 5. Nc3 g6 6. Be3 Bg7 7. f3 O-O 8. Qd2 Nc6 9. g4 Bd7 10. O-O-O Rc8 11. h4 Ne5 12. h5 Qa5 13. Nb3 Qc7 14.
Be2 b5 15. hxg6 fxg6 16. g5 b4 17. Nb5 Bxb5 18. gxf6 Bxe2 19. fxg7 Rxf3 20. Qd5+ Rf7 21. Rd2 Bc4 22. Qd4 Nf3 23. Rdh2 Nxd4 24. Rxh7 Nxb3+ 25. axb3 Rxg7 26. Rh8+ Kf7 27. Rf1+ Ke6 28. Rxc8 Qxc8 29.
bxc4 Qxc4 0-1

[Event "Early-Titled-Tuesday-Blitz-September-12-2023"]
[Site "Chess.com"]
[Date "2023.09.12"]
[Round "3"]
[White "h4parah5"]
[Black "WaybackBoy"]
[Result "1-0"]
[WhiteElo "2951"]
[BlackElo "2716"]
[TimeControl "180+1"]
[EndTime "8:25:37 PDT"]
[Termination "h4parah5 won by resignation"]

1. Nf3 Nf6 2. c4 g6 3. Nc3 Bg7 4. e4 d6 5. d4 O-O 6. Be2 Bg4 7. Be3 Nc6 8. d5 Bxf3 9. gxf3 Ne5 10. f4 Ned7 11.
h4 c6 12. h5 cxd5 13. exd5 Qa5 14. Qd2 Nc5 15. Rc1 Rac8 16. f5 Nxh5 17. Bxh5 gxh5 18. Rxh5 f6 19. Ke2 Na4 20. Nxa4 Qxa4 21. b3 Qe8 22. Rch1 Kf7 23. Rxh7 Rh8 24. Qd4 Rxh7 25. Rxh7 Qg8 26. Qh4 Ke8 27. Qh5+ Kd7 28. Qg6 Bf8 1-0

[Event "Early-Titled-Tuesday-Blitz-September-12-2023"]
[Site "Chess.com"]
[Date "2023.09.12"]
[Round "3"]
[White "ajedrezhoy"]
[Black "1995Tiger"]
[Result "1-0"]
[WhiteElo "2418"]
[BlackElo "2145"]
[TimeControl "180+1"]
[EndTime "8:25:38 PDT"]
[Termination "ajedrezhoy won by resignation"]

1. c4 c6 2. Nf3 d5 3. e3 Nf6 4.
Nc3 Nbd7 5. d4 e6 6. b3 Bd6 7. Bb2 O-O 8. Be2 b6 9. O-O Bb7 10. cxd5 cxd5 11. Nb5 Be7 12. Rc1 a6 13. Nc3 b5 14. Bd3 Ne4 15. Bxe4 dxe4 16. Nd2 Nf6 17. a4 Qd7 18. Qe2 b4 19. Ncb1 a5 20. Nc4 Ba6 21. Nbd2 Rac8 22. Qd1 Qd5 23. Nb6 Rxc1 24. Nxd5 Rxd1 25.
Nxe7+ Kh8 26. Rxd1 Re8 27. Nc6 1-0

[Event "Early-Titled-Tuesday-Blitz-September-12-2023"]
[Site "Chess.com"]
[Date "2023.09.12"]
[Round "3"]
[White "JiiHart"]
[Black "supereagles1201"]
[Result "1-0"]
[WhiteElo "2133"]
[BlackElo "2376"]
[TimeControl "180+1"]
[EndTime "8:25:42 PDT"]
[Termination "JiiHart won by checkmate"]

1. e4 c6 2. d4 d5 3. Nc3 dxe4 4.
Nxe4 Bf5 5. Ng3 Bg6 6. h4 h6 7.
Bc4 e6 8. N1e2 Nf6 9. Nf4 Bh7 10. O-O Bd6 11. Nxe6 fxe6 12. Bxe6 Qc7 13. Nh5 Nxh5 14. Qxh5+ Kd8 15. c4 Nd7 16. Bd2 Nf6 17. Qf3 Be4 18. Qb3 Re8 19. d5 c5 20. Rfe1 Qb6 21. Qa4 Qa6 22.
Ba5+ b6 23. Rxe4 Qxa5 24. Qc6 Nxe4 25. Qd7# 1-0

[Event "Early-Titled-Tuesday-Blitz-September-12-2023"]
[Site "Chess.com"]
[Date "2023.09.12"]
[Round "3"]
[White "Sleepless_Knightmare"]
[Black "PapiPapita"]
[Result "0-1"]
[WhiteElo "2400"]
[BlackElo "2575"]
[TimeControl "180+1"]
[EndTime "8:25:43 PDT"]
[Termination "PapiPapita won by resignation"]

1. e4 c6 2. d4 d5 3. Nc3 dxe4 4. Nxe4 Nf6 5. Nxf6+ exf6 6. Bc4 Bd6 7. Qh5 O-O 8. Nf3 Re8+ 9. Be3 Be6 10. Bd3 g6 11. Qh4 Nd7 12. O-O Bd5 13. Nd2 f5 14. Bg5 f6 15.
Bh6 Bf7 16. Qh3 Nb6 17. c4 c5 18. d5 Nd7 19. Rae1 Ne5 20. Bb1 b5 21. b3 bxc4 22. bxc4 Rb8 23. f4 Ng4 24. Nb3 Qc7 25. Qh4 Rxe1 26.
Rxe1 Nxh6 27. Qxh6 Bxf4 28. Qh4 Kg7 29. Qf2 Bxh2+ 30.
Kf1 Bg3 31. Qxc5 Qxc5 0-1

[Event "Early-Titled-Tuesday-Blitz-September-12-2023"]
[Site "Chess.com"]
[Date "2023.09.12"]
[Round "3"]
[White "drragnar1"]
[Black "Grandmaster1369"]
[Result "0-1"]
[WhiteElo "2383"]
[BlackElo "2568"]
[TimeControl "180+1"]
[EndTime "8:25:44 PDT"]
[Termination "Grandmaster1369 won by resignation"]

1. c4 c5 2. Nf3 g6 3. g3 Bg7 4. Bg2 Nc6 5. O-O e6 6. e4 Nge7 7. Nc3 d6 8. d3 O-O 9. Be3 Nd4 10.
Qd2 Rb8 11. Bh6 Nec6 12. Bxg7 Kxg7 13. Nxd4 Nxd4 14. f4 f5 15. Rae1 Bd7 16. e5 Bc6 17.
exd6 Bxg2 18. Qxg2 Qxd6 19. Re3 Rf7 20. Rfe1 Re8 21. Re5 b6 22. a4 Nc6 23. R5e3 Rfe7 24.
Nb5 Qd7 25. Qe2 e5 26. fxe5 Rxe5 27. Qf2 R8e6 28. Qf4 Qe7 29. Rxe5 Nxe5 30. Kg2 Nxd3 31. Qc7 Nxe1+ 0-1

[Event "Early-Titled-Tuesday-Blitz-September-12-2023"]
[Site "Chess.com"]
[Date "2023.09.12"]
[Round "3"]
[White "Iball95"]
[Black "Hikaru"]
[Result "0-1"]
[WhiteElo "2788"]
[BlackElo "3251"]
[TimeControl "180+1"]
[EndTime "8:25:57 PDT"]
[Termination "Hikaru won by checkmate"]

1. e4 a6 2. d4 c6 3. Nf3 d5 4. exd5 cxd5 5. c4 Nf6 6. Nc3 e6 7. c5 b6 8. b4 a5 9. Na4 Nfd7 10.
Bb5 Ba6 11. Bxa6 Nxa6 12. b5 Nc7 13. c6 Nf6 14. Qd3 Bb4+ 15. Bd2 Ne4 16. Rb1 Nxd2 17.
Nxd2 Rb8 18. O-O O-O 19. Nf3 f6 20. a3 Bd6 21. Rfe1 Qe7 22. Re3 e5 23. dxe5 fxe5 24. Qb3 e4 25. Rbe1 Qf7 26. Nc3 exf3 27. Rxf3 Rbe8 28. Rd1 Qe6 29. Re3 Qf5 30. Rxe8 Qxf2+ 31. Kh1 Rxe8 32. h3 Qe1+ 33. Rxe1 Rxe1# 0-1

[Event "Early-Titled-Tuesday-Blitz-September-12-2023"]
[Site "Chess.com"]
[Date "2023.09.12"]
[Round "3"]
[White "subham777"]
[Black "kleinebeer98"]
[Result "0-1"]
[WhiteElo "2554"]
[BlackElo "2832"]
[TimeControl "180+1"]
[EndTime "8:25:58 PDT"]
[Termination "kleinebeer98 won by resignation"]

1. e4 e5 2. Nf3 Nc6 3. Bc4 Nf6 4. d3 h6 5. c3 d6 6. Nbd2 Be6 7. h3 Qd7 8. Qa4 d5 9. exd5 Bxd5 10. O-O Bd6 11.
Re1 O-O 12. Bxd5 Nxd5 13. Ne4 Rae8 14. Be3 Nb6 15. Qb3 Kh7 16. a4 f5 17. Nxd6 Qxd6 18. a5 Nd5 19. Qxb7 Rb8 20. Qa6 Rxb2 21. Qc4 Rd8 22.
Bc5 Qf6 23. d4 e4 24. Nh2 e3 25. Rf1 Nf4 26. d5 Qg5 27. g3 exf2+ 28. Kh1 Qxg3 0-1

[Event "Early-Titled-Tuesday-Blitz-September-12-2023"]
[Site "Chess.com"]
[Date "2023.09.12"]
[Round "3"]
[White "reniite"]
[Black "Mariia89"]
[Result "1-0"]
[WhiteElo "2355"]
[BlackElo "1997"]
[TimeControl "180+1"]
[EndTime "8:25:59 PDT"]
[Termination "reniite won by resignation"]

1. e4 c6 2. d4 d5 3. exd5 cxd5 4. Nf3 Nf6 5. c4 e6 6. Nc3 Be7 7. cxd5 exd5 8. Bd3 Nc6 9. h3 h6 10. O-O O-O 11. Bf4 Be6 12. Rc1 a6 13. Bb1 Re8 14.
Re1 Bf8 15. Ne5 Rc8 16. a3 Qb6 17. Nxc6 Rxc6 18. Qd2 Rec8 19. Re3 Rc4 20. Be5 Ne4 21. Bxe4 dxe4 22. Rxe4 Bf5 23. Rf4 Bg6 24. Re1 Rd8 25.
Qe2 Bxa3 26. Qxc4 1-0

[Event "Early-Titled-Tuesday-Blitz-September-12-2023"]
[Site "Chess.com"]
[Date "2023.09.12"]
[Round "3"]
[White "dropstoneDP"]
[Black "marcodobrikov"]
[Result "1-0"]
[WhiteElo "3009"]
[BlackElo "2630"]
[TimeControl "180+1"]
[EndTime "8:26:00 PDT"]
[Termination "dropstoneDP won by resignation"]

1. e4 d6 2. d4 Nf6 3. Nc3 e5 4. Nf3 Nbd7 5. Rg1 Be7 6. g4 O-O 7. g5 Ne8 8. h4 c6 9. h5 f5 10. Bc4+ Kh8 11. Nh4 f4 12. Nf3 b5 13. Bb3 a5 14. a4 b4 15. Ne2 Ba6 16. h6 g6 17.
Be6 Nc7 18. Bxd7 Qxd7 19. dxe5 Ne6 20. b3 d5 21. exd5 cxd5 22. Bb2 Rac8 23. Qd2 Bxe2 24. Qxe2 Rf5 25. O-O-O Nxg5 26. e6+ 1-0

[Event "Early-Titled-Tuesday-Blitz-September-12-2023"]
[Site "Chess.com"]
[Date "2023.09.12"]
[Round "3"]
[White "Beca95"]
[Black "Cambek64"]
[Result "1-0"]
[WhiteElo "2957"]
[BlackElo "2522"]
[TimeControl "180+1"]
[EndTime "8:26:06 PDT"]
[Termination "Beca95 won on time"]

1. d4 Nf6 2. c4 g6 3. Nc3 d5 4. Nf3 Bg7 5. h4 h5 6. cxd5 Nxd5 7. e4 Nxc3 8. bxc3 O-O 9. Be3 c5 10. Be2 cxd4 11. cxd4 Nc6 12. O-O Bg4 13. d5 Bxf3 14.
Bxf3 Ne5 15. Rb1 Nxf3+ 16. Qxf3 Qd7 17. Bf4 Rac8 18. Qd3 e6 19. d6 e5 20. Bg5 Rc6 21.
Be7 Re8 22. Rfd1 b6 23. Rb5 Bf8 24. Bxf8 Kxf8 25. Rd5 Re6 26. Qd2 Kg7 27. g3 1-0

[Event "Early-Titled-Tuesday-Blitz-September-12-2023"]
[Site "Chess.com"]
[Date "2023.09.12"]
[Round "3"]
[White "artooon"]
[Black "Evgeny81"]
[Result "1-0"]
[WhiteElo "3056"]
[BlackElo "2753"]
[TimeControl "180+1"]
[EndTime "8:26:07 PDT"]
[Termination "artooon won by resignation"]

1. e4 e6 2. d4 d5 3. Nd2 Nd7 4. Ngf3 Ne7 5. Bd3 c5 6. c3 cxd4 7. cxd4 dxe4 8. Nxe4 Nd5 9. O-O Be7 10. Ne5 O-O 11.
Qf3 N7f6 12. Bg5 Nxe4 13. Bxe7 Qxe7 14. Qxe4 g6 15. Rfe1 Qg5 16. h4 Qf4 17. Rac1 b6 18. Qxf4 Nxf4 19. Be4 Rb8 20. Rc7 Ba6 21. Nd7 Ne2+ 22.
Kh2 Nxd4 23. Rxa7 Bb5 24. Nxb8 Rxb8 25. a4 Be8 26. b4 e5 27. a5 bxa5 28. bxa5 Bb5 29.
Rb1 Rd8 30. Rb7 Ba6 31. Rb8 Rxb8 32. Rxb8+ Kg7 33. Rb6 1-0

[Event "Early-Titled-Tuesday-Blitz-September-12-2023"]
[Site "Chess.com"]
[Date "2023.09.12"]
[Round "3"]
[White "Chessmissile07"]
[Black "Zavgorodniy_Sergiy"]
[Result "1/2-1/2"]
[WhiteElo "2889"]
[BlackElo "2525"]
[TimeControl "180+1"]
[EndTime "8:26:07 PDT"]
[Termination "Game drawn by agreement"]

1. Nf3 d5 2. c4 e6 3. e3 dxc4 4. Bxc4 Nf6 5. O-O a6 6. a4 c5 7. b3 Nc6 8. Bb2 Be7 9. d4 cxd4 10. Nxd4 Nxd4 11. Qxd4 Qxd4 12. Bxd4 Bd7 13. Nc3 Bc6 14. Rfd1 O-O 15. f3 Rfd8 16. Bb6 Rxd1+ 17. Rxd1 Bb4 18. Ne2 Nd7 19. Bd4 b5 20. axb5 axb5 21. Bd3 Nc5 22. Bxc5 Bxc5 23. Kf2 Bd5 24. Bxb5 Bxb3 25. Rc1 Be7 26. Bc4 Ba4 27. Ra1 Bc6 28. Rxa8+ Bxa8 29. e4 Bc5+ 30. Ke1 Kf8 31. Nc1 Bc6 32. Nd3 Bg1 33. h3 Ke7 34. Kf1 Bd4 35. Ke2 g5 36. g4 Kd6 37. Ba6 h6 38. Bc4 Bd7 39. Ne1 f5 40.
exf5 exf5 41. Bd3 fxg4 42. fxg4 Bc6 43. Nf3 Bxf3+ 44. Kxf3 Ke5 45. Bg6 Bb2 46. Bh5 Bc3 47. Be8 Kd4 48. Bh5 Bd2 49. Kg2 Ke3 50. Bg6 Be1 51. Bh5 Bh4 52. Be8 Kf4 53. Bc6 Bg3 1/2-1/2

[Event "Early-Titled-Tuesday-Blitz-September-12-2023"]
[Site "Chess.com"]
[Date "2023.09.12"]
[Round "3"]
[White "Defend1r"]
[Black "maurovargas01"]
[Result "1-0"]
[WhiteElo "2527"]
[BlackElo "1868"]
[TimeControl "180+1"]
[EndTime "8:26:08 PDT"]
[Termination "Defend1r won on time"]

1. e4 d5 2. exd5 Qxd5 3. Nc3 Qa5 4. Bc4 c6 5. d3 Nf6 6. Ne2 Bg4 7. O-O e6 8. Be3 Bd6 9. f3 Qe5 10. Bf4 Qc5+ 11. d4 Qxc4 12. Bxd6 Bf5 13. b3 Qa6 14.
a4 Qb6 15. Kh1 Nbd7 16. a5 Qd8 17. Qd2 Nb8 18. Bg3 O-O 19. Na4 Na6 20. c4 c5 21.
Rfd1 cxd4 22. Nxd4 Bg6 23. Nb5 Qe7 24. Bd6 Qe8 25.
Bxf8 Qxf8 26. Nd6 Rd8 27. b4 Ne8 28. c5 b6 29. axb6 axb6 30. Nxb6 Nxd6 31. cxd6 Nc7 32. dxc7 Rxd2 33. Rxd2 Qxb4 34. c8=Q+ Qf8 35. Rd8 1-0

[Event "Early-Titled-Tuesday-Blitz-September-12-2023"]
[Site "Chess.com"]
[Date "2023.09.12"]
[Round "3"]
[White "HamedWafa4"]
[Black "RamonManon0g"]
[Result "1-0"]
[WhiteElo "2560"]
[BlackElo "2307"]
[TimeControl "180+1"]
[EndTime "8:26:09 PDT"]
[Termination "HamedWafa4 won by resignation"]

1. e4 c5 2. Nc3 d6 3. Nge2 Nc6 4. d4 cxd4 5. Nxd4 a6 6. Bc4 Nf6 7. O-O e6 8. Bg5 Be7 9. Nxc6 bxc6 10. Qf3 O-O 11.
Rad1 Rb8 12. Bb3 d5 13. Rfe1 Nd7 14. Bxe7 Qxe7 15. exd5 cxd5 16. Nxd5 Qg5 17. Nc3 Nc5 18. Qg3 Qxg3 19. hxg3 Nxb3 20. axb3 Re8 21. Ne4 Kf8 22. Nd6 Rd8 23. Nxc8 Rdxc8 24. Re2 Ke7 25. Red2 Rb7 26. Kf1 a5 27. g4 a4 28. bxa4 Rxb2 29. Rd7+ Kf6 30.
R1d3 Rcxc2 31. Rf3+ Kg6 32. Kg1 f6 33. g5 Rb1+ 34.
Kh2 Rb4 35. gxf6 gxf6 36. Rg3+ Kf5 37. Rxh7 Rxf2 38. Rh5+ Kf4 39. Rh4+ Kf5 40. Rxb4 1-0

[Event "Early-Titled-Tuesday-Blitz-September-12-2023"]
[Site "Chess.com"]
[Date "2023.09.12"]
[Round "3"]
[White "skoularikii"]
[Black "hansen"]
[Result "0-1"]
[WhiteElo "2514"]
[BlackElo "2875"]
[TimeControl "180+1"]
[EndTime "8:26:10 PDT"]
[Termination "hansen won by resignation"]

1. e4 b6 2. d4 Bb7 3. Bd3 g6 4. Nf3 Bg7 5. O-O e6 6. Nbd2 Ne7 7. c3 d6 8. Re1 Nd7 9. a4 a6 10. Bc2 h6 11. Qe2 O-O 12. h4 c5 13. Bd3 Qc7 14. e5 cxd4 15. cxd4 dxe5 16. dxe5 Nc5 17. Bb1 Rad8 18. Ra3 a5 19. Nh2 Ba6 20. Qf3 Bxe5 21. Ng4 Bg7 22. Nf6+ Kh8 23. Nde4 Bb7 24. h5 Nf5 25.
hxg6 Bxf6 26. Qh5 fxg6 27. Qxg6 Bxe4 28. Bxh6 Nxh6 29. Qxh6+ Qh7 30. Qc1 Rg8 31. Kf1 Bxg2+ 32. Ke2 Qh5+ 33. f3 Bxf3+ 34. Rxf3 Rg2+ 35. Ke3 Qe5+ 0-1